 Dungeon Crawl Stone Soup version 0.23-a0-73-g64c3ba73d4 (webtiles) character file.

401 Roikka the Magician (level 6, -9/44 HPs)
             Began as a Gnoll Wizard on Aug 10, 2018.
             Was an Initiate of Ashenzari.
             Killed by divine providence
             ... invoked by an orc priest
              (10 damage)
             ... on level 5 of the Dungeon.
             The game lasted 00:20:23 (3820 turns).

Roikka the Magician (Gnoll Wizard)                  Turns: 3820, Time: 00:20:23

Health: -9/44      AC:  3    Str: 10    XL:     6   Next: 85%
Magic:  16/16      EV: 15    Int: 23    God:    Ashenzari [......]
Gold:   239        SH:  0    Dex: 14    Spells: 8/19 levels left

rFire    . . .     SeeInvis .   n - +3 quarterstaff (chaos)
rCold    . . .     Gourm    .   (shield currently unavailable)
rNeg     . . .     Faith    .   v - +0 robe
rPois    +         Spirit   .   b - +0 hat
rElec    .         Reflect  .   q - +0 cloak {+Inv}
rCorr    .         Harm     .   (no gloves)
MR       .....                  (no boots)
Stlth    +++.......             (no amulet)
HPRegen  0.14/turn              s - +2 ring of intelligence
MPRegen  0.15/turn              t - ring of poison resistance

@: no status effects
A: distributed training, fangs 1, strong nose
a: Curse Item, Renounce Religion, Evoke Invisibility


You were on level 5 of the Dungeon.
You worshipped Ashenzari.
Ashenzari was noncommittal.
You were not hungry.

You visited 1 branch of the dungeon, and saw 5 of its levels.

You collected 239 gold pieces.

Inventory:

Hand Weapons
 n - a +3 quarterstaff of chaos (weapon)
 o - a +1 dagger of venom
Armour
 b - a +0 hat (worn)
 q - a +0 cloak of invisibility (worn)
 v - a +0 robe (worn)
 x - a +1 ring mail of fire resistance
Jewellery
 s - a +2 ring of intelligence (left hand)
 t - a ring of poison resistance (right hand)
 z - an uncursed ring of protection from magic
Wands
 w - a wand of iceblast (17)
Scrolls
 c - a scroll of enchant armour {unknown}
 f - 2 scrolls of remove curse
 h - 2 scrolls of identify
 y - a scroll of teleportation {unknown}
Potions
 e - a potion of berserk rage {unknown}
 g - 3 potions of curing
 i - a potion of resistance {unknown}
 j - 2 potions of heal wounds {unknown}
 k - a potion of cancellation
 l - a potion of invisibility
 m - a potion of mutation {unknown}
 p - a potion of flight {unknown}
 r - a potion of brilliance {unknown}
 u - 3 potions of might
Comestibles
 d - 9 rations


   Skills:
 + Level 2.1 Fighting
 + Level 2.1 Short Blades
 + Level 2.1 Long Blades
 + Level 2.1 Axes
 + Level 2.1 Maces & Flails
 + Level 2.1 Polearms
 + Level 2.1 Staves
 + Level 2.1 Slings
 + Level 2.1 Bows
 + Level 2.1 Crossbows
 + Level 2.1 Throwing
 + Level 2.1 Armour
 + Level 5.0 Dodging
 + Level 4.7 Stealth
 + Level 2.1 Shields
 + Level 2.1 Unarmed Combat
 + Level 7.4 Spellcasting
 + Level 2.7 Conjurations
 + Level 1.6 Hexes
 + Level 1.6 Charms
 + Level 2.7 Summonings
 + Level 1.6 Necromancy
 + Level 2.7 Translocations
 + Level 1.6 Transmutations
 + Level 1.6 Fire Magic
 + Level 1.6 Ice Magic
 + Level 1.6 Air Magic
 + Level 1.6 Earth Magic
 + Level 1.6 Poison Magic
 + Level 2.3 Invocations
 + Level 2.1 Evocations


You had 8 spell levels left.
You knew the following spells:

 Your Spells              Type           Power        Failure   Level  Hunger
a - Magic Dart            Conj           ###.         2%          1    None
b - Call Imp              Summ           ###.....     3%          2    None
c - Blink                 Tloc           N/A          3%          2    None
d - Conjure Flame         Conj/Fire      ###.....     9%          3    None
e - Mephitic Cloud        Conj/Pois/Air  ###.....     10%         3    None

Your spell library contained the following spells:

 Spells                   Type           Power        Failure   Level  Hunger
 Slow                     Hex            ###.....     5%          2    None
 Spider Form              Tmut/Pois      ###.......   11%         3    None
 Blade Hands              Tmut           ###.......   71%         5    #####..
 Ice Form                 Ice/Tmut       ###.....     36%         4    ###....
 Sticks to Snakes         Tmut           ###.....     5%          2    None
 Beastly Appendage        Tmut           ###...       3%          1    None


Dungeon Overview and Level Annotations

Branches:
Dungeon (5/15)
 Temple: D:4-7

Altars:
Ashenzari
Makhleb
Xom


Innate Abilities, Weirdness & Mutations

Your experience applies equally to all skills.
You have very sharp teeth.
Your uncanny sense of smell can sniff out nearby items.


Message History

You see here an uncursed ring of protection from magic.
z - an uncursed ring of protection from magic
There is a stone staircase leading down here.
Found an uncursed ring mail.
The orc barely misses you.
The orc priest calls down the wrath of Beogh upon you.
Pain shoots through your body!
The orc priest invokes the aid of Beogh against you.
Pain shoots through your body! The orc hits you with a club!
The orc priest mumbles some strange prayers to Beogh against you.
Beogh smites you!
* * * LOW HITPOINT WARNING * * *
The orc priest mumbles some strange prayers to Beogh against you.
Beogh smites you!
* * * LOW HITPOINT WARNING * * *
All of the chunks of flesh in your inventory have rotted away.
Okay, then.
The orc priest invokes the aid of Beogh against you.
Beogh smites you!
You die...

###.# .# #.## .# ∆
#..######.#
#..#...#..#
#..#...#.## [.
#..#......## ### ...
##...(.#...# ##.##...
#.......#.####..#....
##..@.ro...##.....)..
#.#.....o.oo........
#.#.......##........
#.#.......##........
#.........#..>......
...........#........(
##.##......#.....)...
#.#.............##.#
#...#.#..##...#.##.#


You could see an orc priest, 2 orcs and a quokka.

Vanquished Creatures
  An orc priest (D:4)
  Crazy Yiuf (D:2)
  A gnoll shaman (D:4)
  A worker ant (D:4)
  9 adders
  3 gnolls (D:3)
  An ooze (D:2)
  An adder skeleton (D:4)
  A worm (D:3)
  2 dart slugs
  3 leopard geckos
  5 orcs
  9 bats
  2 giant cockroaches (D:3)
  6 goblins
  5 hobgoblins
  5 jackals
  2 kobolds
  A quokka (D:3)
  3 frilled lizards
  8 rats
70 creatures vanquished.

Vanquished Creatures (collateral kills)
  A howler monkey (D:4)
  2 hounds (D:4)
  An orc priest (D:4)
  3 gnolls (D:4)
  3 orcs (D:4)
  A jackal (D:4)
  A quokka (D:4)
12 creatures vanquished.

Grand Total: 82 creatures vanquished

Notes
Turn   | Place    | Note
-------+----------+-------------------------------------------
     0 | D:1      | Roikka the Gnoll Wizard began the quest for the Orb.
     0 | D:1      | Reached XP level 1. HP: 13/13 MP: 8/8
   136 | D:1      | Reached XP level 2. HP: 19/19 MP: 7/10
   203 | D:1      | Learned a level 2 spell: Call Imp
   206 | D:1      | Learned a level 2 spell: Blink
   621 | D:2      | Reached XP level 3. HP: 25/25 MP: 7/11
   657 | D:2      | Learned a level 3 spell: Conjure Flame
   661 | D:2      | Learned a level 3 spell: Mephitic Cloud
   692 | D:2      | Reached skill level 1 in Invocations
  1170 | D:2      | Found a runed door.
  1190 | D:2      | Reached skill level 1 in Fighting
  1190 | D:2      | Reached skill level 1 in Short Blades
  1190 | D:2      | Reached skill level 1 in Long Blades
  1190 | D:2      | Reached skill level 1 in Axes
  1190 | D:2      | Reached skill level 1 in Maces & Flails
  1190 | D:2      | Reached skill level 1 in Polearms
  1190 | D:2      | Reached skill level 1 in Staves
  1190 | D:2      | Reached skill level 1 in Slings
  1190 | D:2      | Reached skill level 1 in Bows
  1190 | D:2      | Reached skill level 1 in Crossbows
  1190 | D:2      | Reached skill level 1 in Throwing
  1190 | D:2      | Reached skill level 1 in Armour
  1190 | D:2      | Reached skill level 1 in Shields
  1190 | D:2      | Reached skill level 1 in Unarmed Combat
  1190 | D:2      | Reached skill level 1 in Evocations
  1361 | D:2      | Reached XP level 4. HP: 30/32 MP: 8/13
  1491 | D:2      | Found a glowing golden altar of the Shining One.
  1497 | D:2      | Found a sacrificial altar of Ru.
  1497 | D:2      | Found a shattered altar of Ashenzari.
  1500 | D:2      | Found a shimmering altar of Xom.
  1500 | D:2      | Found a basalt altar of Yredelemnul.
  1500 | D:2      | Found a shadowy altar of Dithmenos.
  1710 | D:2      | Noticed Crazy Yiuf
  1716 | D:2      | Killed Crazy Yiuf
  1716 | D:2      | Reached skill level 1 in Hexes
  1716 | D:2      | Reached skill level 1 in Charms
  1716 | D:2      | Reached skill level 1 in Necromancy
  1716 | D:2      | Reached skill level 1 in Transmutations
  1716 | D:2      | Reached skill level 1 in Fire Magic
  1716 | D:2      | Reached skill level 1 in Ice Magic
  1716 | D:2      | Reached skill level 1 in Air Magic
  1716 | D:2      | Reached skill level 1 in Earth Magic
  1716 | D:2      | Reached skill level 1 in Poison Magic
  1860 | D:3      | Found a shattered altar of Ashenzari.
  1869 | D:3      | Reached XP level 5. HP: 34/37 MP: 7/14
  1883 | D:3      | Became a worshipper of Ashenzari the Shackled
  2538 | D:3      | Found a burning altar of Makhleb.
  2727 | D:4      | Reached XP level 6. HP: 39/44 MP: 5/16
  3431 | D:4      | Reached skill level 5 in Dodging
  3773 | D:5      | Entered Level 5 of the Dungeon
  3817 | D:5      | HP: 1/44 [orc priest/divine providence (11)]
  3820 | D:5      | Killed from afar by an orc priest

Vault maps used:
D:1:      dpeg_arrival_rooms_with_view
D:2:      serial_glass, glass_columns_b, glass_columns_b, doesnt_xom_only_xom,
          uniq_crazy_yiuf_cottage
D:3:      old_standard_altar, bloody_makhleb, first_ration
D:5:      cheibrodos_quashed, kiku_gazebo_garden_becter,
          minmay_overflow_temple_star_quad, nicolae_qazlal_style_of_elements,
          uniq_pikel

Skill      XL: |  1  2  3  4  5  6 |
---------------+-------------------+-----
Conjurations   | 2 |  2.7
Summonings     | 2 |  2.7
Translocations | 2 |  2.7
Invocations    | 1 2 |  2.3
Fighting       | 1 2 |  2.1
Short Blades   | 1 2 |  2.1
Long Blades    | 1 2 |  2.1
Axes           | 1 2 |  2.1
Maces & Flails | 1 2 |  2.1
Polearms       | 1 2 |  2.1
Staves         | 1 2 |  2.1
Slings         | 1 2 |  2.1
Bows           | 1 2 |  2.1
Crossbows      | 1 2 |  2.1
Throwing       | 1 2 |  2.1
Armour         | 1 2 |  2.1
Shields        | 1 2 |  2.1
Unarmed Combat | 1 2 |  2.1
Evocations     | 1 2 |  2.1
Hexes          | 1 |  1.6
Charms         | 1 |  1.6
Necromancy     | 1 |  1.6
Transmutations | 1 |  1.6
Fire Magic     | 1 |  1.6
Ice Magic      | 1 |  1.6
Air Magic      | 1 |  1.6
Earth Magic    | 1 |  1.6
Poison Magic   | 1 |  1.6
Dodging        | 5 |  5.0
Stealth        | |  4.7
Spellcasting   | |  7.4

Action                   |  1- 3 |  4- 6 || total
-------------------------+-------+-------++-------
Melee: Dagger            |     1 |       ||     1
       Quarterstaff      |       |    17 ||    17
       Bite              |       |     2 ||     2
 Cast: Magic Dart        |    52 |   145 ||   197
       Call Imp          |     1 |    11 ||    12
       Mephitic Cloud    |       |     2 ||     2
  Use: Scroll            |       |    10 ||    10
 Stab: Distracted        |       |     1 ||     1
  Eat: Chunk             |     1 |     8 ||     9
Armor: Robe              |     1 |     7 ||     8
Dodge: Dodged            |     3 |    33 ||    36

Table legend:
 A = Non-vault XP
 B = Vault XP
 C = Vault XP percentage of total XP
 D = Non-vault monster count
 E = Vault monster count
 F = Vault count percentage of total count
 G = Total turns spent on level
                 A         B        C        D         E       F
            +---------+---------+-------+---------+---------+-------
      Total |     531 |      42 |   7.3 |      79 |       3 |   3.7
            +---------+---------+-------+---------+---------+-------
        D:1 |      26 |       5 |  16.1 |      15 |       2 |  11.8
        D:2 |      75 |      37 |  33.0 |      13 |       1 |   7.1
        D:3 |     113 |       0 |   0.0 |      25 |       0 |   0.0
        D:4 |     317 |       0 |   0.0 |      26 |       0 |   0.0
            +---------+---------+-------+---------+---------+-------
